AoeStats
← 海峡

Arabia

507931187Analyzed
1v1 RM · 13d ago on Sep 20, 2026· 31m 50s· 2 players
Game mode
Random Map
Map size
Tiny (2 player)
Population
200
Speed
Normal
Resources
Standard
Victory
Conquest
Starting age
Dark Age
Ending age
Imperial Age
RankedLock teamsTeams togetherTeam positionsShared explorationLock speedFull tech treeHidden civsTurbo modeCheats
Victory
Defeat
🇨🇳 Goths · China
1639
+14
🇺🇸 Tatars · United States
1587
-14
LifeGoesOn
9:47 Feudal Age
9:13 Loom
10:38 Double-Bit Axe
20:29 Fletching
28:18 Castle Age
26:10 Horse Collar
26:50 Padded Archer Armor
27:01 Gold Mining
27:46 Bloodlines
28:54 Bodkin Arrow
28:21 Crossbowman
30:29 Bow Saw
海峡
1:40 Loom
9:44 Feudal Age
10:04 Man-at-Arms
10:49 Double-Bit Axe
10:46 Horse Collar
17:38 Scale Mail Armor
22:05 Wheelbarrow
24:46 Castle Age
22:49 Fletching
23:05 Gold Mining
23:18 Padded Archer Armor
25:08 Bloodlines
25:27 Bodkin Arrow
25:57 Bow Saw
26:04 Heavy Plow
27:18 Husbandry
26:46 Long Swordsman
27:41 Forging
27:55 Chain Mail Armor
28:45 Forging
30:50 Leather Archer Armor
Connection lost

Rejoining the realm…

Still unreachable

The connection could not be restored.

Session expired

The server has moved on; the page needs a fresh start.